 Dungeon Crawl Stone Soup version 0.24.0-13-gcf9b319 (webtiles) character file.

Game seed: 7323415122073736005, levelgen mode: deterministic

1425 Bronimir the Firebug (level 8, -13/52 HPs)
             Began as an Octopode Fire Elementalist on Apr 20, 2020.
             Mangled by an orc warrior
             ... wielding a +0 trident
              (17 damage)
             ... on level 6 of the Dungeon.
             The game lasted 00:19:30 (7548 turns).

Bronimir the Firebug (Octopode Fire Elementalist)   Turns: 7548, Time: 00:19:31

Health: -13/52     AC:  1    Str: 11    XL:     8   Next: 72%
Magic:  8/15       EV: 15    Int: 19    God:
Gold:   282        SH:  0    Dex: 12    Spells: 1/16 levels left

rFire    . . .     SeeInvis .   b - +0 shortbow
rCold    . . .     Gourm    .   (shield currently unavailable)
rNeg     . . .     Faith    .   (helmet restricted)
rPois    .         Spirit   .   (no amulet)
rElec    .         Reflect  .   p - +3 ring of strength
rCorr    .         Harm     .   H - +1 ring of evasion
MR       .....                  (no ring)
Stlth    +++.......             (no ring)
HPRegen  0.17/turn              (no ring)
MPRegen  0.14/turn              (no ring)
                                (no ring)
                                (no ring)

@: no status effects
A: almost no armour, stealthy swim, amphibious, 8 rings, constrict 8, camouflage
1, gelatinous body 1
a: no special abilities


You were on level 6 of the Dungeon.
You were not hungry.

You visited 1 branch of the dungeon, and saw 6 of its levels.

You collected 282 gold pieces.

Inventory:

Hand Weapons
 a - a +0 trident
 b - a +0 shortbow (weapon)
 c - a +0 dagger
 q - a +2 whip of holy wrath
 x - a +5 club
 B - a +1 short sword of venom
 C - a +0 rapier
Missiles
 d - 82 stones
 f - 9 poisoned darts
 h - 77 arrows (quivered)
 j - 93 bolts
 w - 12 sling bullets
Jewellery
 p - a +3 ring of strength (left tentacle)
 H - a +1 ring of evasion (right tentacle)
 I - an uncursed amulet of faith {unknown}
Wands
 o - a wand of polymorph (11)
 u - a wand of iceblast (9)
 E - a wand of flame (31)
Scrolls
 e - 5 scrolls of remove curse {unknown}
 l - 4 scrolls of enchant armour {unknown}
 n - a scroll of magic mapping {unknown}
 r - a scroll of amnesia {unknown}
 v - 2 scrolls of teleportation {unknown}
 y - a scroll of identify {unknown}
 z - a scroll of blinking {unknown}
 A - a scroll of fear {unknown}
 D - 2 scrolls of enchant weapon {unknown}
Potions
 g - 2 potions of haste {unknown}
 i - 3 potions of degeneration {unknown}
 k - 2 potions of heal wounds {unknown}
 s - a potion of resistance {unknown}
 t - 3 potions of mutation {unknown}
Comestibles
 G - 9 rations


   Skills:
 * Level 3.2 Fighting
 + Level 0.4 Short Blades
 + Level 1.1 Polearms
 + Level 2.6 Bows
 * Level 3.9 Dodging
 - Level 2.6 Stealth
 * Level 4.8 Spellcasting
 * Level 4.7 Conjurations
 * Level 5.8 Fire Magic


You had one spell level left.
You knew the following spells:

 Your Spells              Type           Power        Failure   Level  Hunger
a - Flame Tongue          Conj/Fire      ###..        1%          1    None
b - Throw Flame           Conj/Fire      ###...       2%          2    #......
c - Conjure Flame         Conj/Fire      ###.....     4%          3    ##.....
d - Sticky Flame          Conj/Fire      ###.....     14%         4    ####...
e - Fireball              Conj/Fire      ###.......   36%         5    ######.

Your spell library contained the following spells:

 Spells                   Type           Power        Failure   Level  Hunger
 Animate Skeleton         Necr           N/A          13%         1    None
 Apportation              Tloc           #.....       13%         1    None
 Confusing Touch          Hex            #.....       13%         1    None
 Summon Small Mammal      Summ           #...         13%         1    None
 Inner Flame              Hex/Fire       ###.....     12%         3    ##.....


Dungeon Overview and Level Annotations

Branches:
Dungeon (6/15)
 Temple: D:4-7

Altars:
Dithmenos
Gozag
Kikubaaqudgha
Ru
Zin


Innate Abilities, Weirdness & Mutations

You cannot wear most types of armour.
You are very stealthy in the water. (Stealth+)
You are amphibious.
You can wear up to eight rings at the same time.
You can use your tentacles to constrict eight enemies at once.
Your skin changes colour to match your surroundings (Stealth+).
Your rubbery body absorbs attacks. (AC +1, EV +1)


Message History

The flame tongue hits the orc warrior.
The orc warrior is almost dead.
The orc warrior hits you from afar with a +0 trident.
* * * LOW HITPOINT WARNING * * *
Casting: Flame Tongue (safe; 1% risk of failure)
Confirm with . or Enter, or press ? or * to list all spells.
Aiming: Flame Tongue (safe; 1% risk of failure)
Press: ? - help, Shift-Dir - straight line, f/p - orc warrior
Aim: an orc warrior, wielding a +0 trident and wearing a +0 plate armour (almost dead)
The flame tongue hits the orc warrior.
The orc warrior is almost dead.
Casting: Flame Tongue (safe; 1% risk of failure)
Confirm with . or Enter, or press ? or * to list all spells.
Aiming: Flame Tongue (safe; 1% risk of failure)
Press: ? - help, Shift-Dir - straight line, f/p - orc warrior
Aim: an orc warrior, wielding a +0 trident and wearing a +0 plate armour (almost dead)
The flame tongue hits the orc warrior but does no damage.
The orc warrior is almost dead.
The orc warrior hits you from afar with a +0 trident!
You die...

###.......).#
#.#####.#.# #.# #...#.#
#.# #.###.# #
#.###.###.#
###.........#
.######.##### .##
..####...##########....#
..'..{..<....oo.@.......
..####...##########....#
.###.......# .## ##
#.##.##.# # #.##....#
#.####..# #.####..#
#.......# ######.##


You could see an orc warrior and an orc priest.

Vanquished Creatures
  Eustachio (D:4)
  Menkaure (D:6)
  Duvessa (D:6)
  2 ogres (D:5)
  2 centaurs
  Dowan (D:6)
  2 scorpions
  A howler monkey (D:5)
  A bullfrog zombie (D:5)
  4 hounds
  A jelly (D:5)
  Jessica (D:3)
  Ijyb (D:3)
  An iguana (D:4)
  2 worker ants (D:5)
  A hound zombie (D:5)
  Robin (D:3)
  3 gnolls (D:3)
  8 adders
  A shadow imp (D:6)
  An ooze (D:1)
  2 adder skeletons
  4 worms
  A leopard gecko (D:5)
  11 orcs
  2 ball pythons
  4 bats
  3 giant cockroaches
  4 goblins
  11 hobgoblins
  13 jackals
  3 quokkas (D:3)
  7 frilled lizards
  10 kobolds
  9 rats
121 creatures vanquished.

Notes
Turn   | Place    | Note
-------+----------+-------------------------------------------
     0 | D:1      | Bronimir the Octopode Fire Elementalist began the quest for
                  | the Orb.
     0 | D:1      | Reached XP level 1. HP: 11/11 MP: 3/3
   239 | D:1      | Reached XP level 2. HP: 7/17 MP: 3/5
  1027 | D:2      | Reached XP level 3. HP: 21/21 MP: 6/6
  1043 | D:2      | Learned a level 2 spell: Throw Flame
  1125 | D:2      | Learned a level 3 spell: Conjure Flame
  1400 | D:2      | Found a shadowy altar of Dithmenos.
  1581 | D:2      | Reached XP level 4. HP: 13/27 MP: 4/7
  1749 | D:2      | Found a sacrificial altar of Ru.
  1897 | D:2      | Reached skill level 4 in Fire Magic
  2385 | D:3      | Noticed Ijyb
  2398 | D:3      | Killed Ijyb
  2398 | D:3      | Reached XP level 5. HP: 19/32 MP: 1/9
  2586 | D:3      | Noticed Robin
  2734 | D:3      | Learned a level 4 spell: Sticky Flame
  3071 | D:3      | Noticed Jessica
  3072 | D:3      | Killed Jessica
  3376 | D:3      | Killed Robin
  4022 | D:3      | Reached XP level 6. HP: 35/37 MP: 5/10
  4402 | D:4      | Noticed Eustachio
  4687 | D:4      | Killed Eustachio
  4687 | D:4      | Reached skill level 1 in Fighting
  4687 | D:4      | Reached skill level 5 in Fire Magic
  4687 | D:4      | Reached XP level 7. HP: 31/43 MP: 3/12
  5141 | D:4      | Found an ancient bone altar of Kikubaaqudgha.
  5745 | D:5      | Entered Level 5 of the Dungeon
  6300 | D:5      | Reached skill level 1 in Polearms
  6467 | D:5      | Reached XP level 8. HP: 40/50 MP: 12/14
  6470 | D:5      | Found an opulent altar of Gozag.
  6761 | D:5      | Reached skill level 1 in Bows
  6779 | D:5      | Found a glowing silver altar of Zin.
  6911 | D:6      | Noticed Menkaure
  7020 | D:6      | Killed Menkaure
  7253 | D:6      | Noticed Dowan
  7255 | D:6      | Noticed Duvessa
  7260 | D:6      | Killed Dowan
  7273 | D:6      | HP: 1/52 [Duvessa/+0 short sword (14)]
  7275 | D:6      | Killed Duvessa
  7530 | D:5      | Learned a level 5 spell: Fireball
  7548 | D:6      | Mangled by an orc warrior

Levels and vault maps discovered:
D:1:      dpeg_arrival_arbitrary_b, layout_basic
D:2:      layout_rooms, marbit_many_paths, nicolae_ru_sacrificial_ziggurat,
          minmay_pentomino_w2
D:3:      layout_loops_ring, uniq_jessica, uniq_robin, uniq_ijyb
D:4:      wad_lake_hut, layout_basic, kiku_gazebo_pond_becter, first_ration,
          uniq_eustachio
D:5:      layout_loops_cross, nicolae_gozag_seed_capital,
          lemuel_coloured_pillars_altar
D:6:      layout_loops_corners, slow_altar_2, biasface_ghost_orc_armoury,
          uniq_menkaure, uniq_duvessa

Skill      XL: |  1  2  3  4  5  6  7  8 |
---------------+-------------------------+-----
Fire Magic     | 4 5 |  5.8
Conjurations   | 2 3 4 |  4.7
Spellcasting   | 3 4 |  4.8
Fighting       | 1 2 3 |  3.2
Dodging        | 3 |  3.9
Polearms       | 1 |  1.1
Bows           | 2 |  2.6
Short Blades   | |  0.4
Stealth        | |  2.6

Action                   |  1- 3 |  4- 6 |  7- 9 || total
-------------------------+-------+-------+-------++-------
Melee: Dagger            |    24 |       |       ||    24
       Constrict         |    11 |     6 |     3 ||    20
       Unarmed           |     4 |       |       ||     4
       Tentacles         |    10 |     4 |     3 ||    17
       Short sword       |    15 |    11 |       ||    26
       Trident           |       |    13 |    14 ||    27
 Fire: Shortbow          |       |       |    54 ||    54
 Cast: Flame Tongue      |    21 |   102 |    13 ||   136
       Throw Flame       |     5 |       |     1 ||     6
       Sticky Flame      |       |    10 |    22 ||    32
  Use: Potion            |       |       |     2 ||     2
 Stab: Sleeping          |     5 |     5 |     2 ||    12
  Eat: Chunk             |     2 |    11 |    12 ||    25
       Ration            |       |       |     1 ||     1
Armor: Skin              |     2 |    13 |     1 ||    16
Dodge: Dodged            |    35 |   113 |    44 ||   192
